 Dungeon Crawl Stone Soup version 0.29-a0-275-g389c0b56f3 (webtiles) character file.

Game seed: 16481491693642728667

64 enile the Charlatan (level 4, -3/33 HPs)
             Began as a Djinni Wanderer on Mar 11, 2022.
             Was a Follower of Qazlal.
             Slain by Crazy Yiuf
             ... wielding a +4 quarterstaff of chaos
              (14 damage)
             ... on level 2 of the Dungeon.
             The game lasted 00:03:23 (2872 turns).

enile the Charlatan (Djinni Wanderer)               Turns: 2872, Time: 00:03:24

Health: -3/33      AC:  2    Str: 13    XL:     4   Next: 32%
Gold:   71         EV: 12    Int: 16    God:    Qazlal [*.....] SH:  1 Dex: 10

rFire   + + .      SeeInvis .   a - +0 club
rCold   x . .      Faith    .   (no shield)
rNeg    . . .      Spirit   .   c - +0 robe
rPois   ∞          Reflect  .   (no helmet)
rElec   .          Harm     .   (no cloak)
rCorr   .          Rampage  .   (no gloves)
Will    .....                   (boots unavailable)
Stlth   +.........              (no amulet)
HPRegen 0.11/turn               (no ring)
MPRegen 0.00/turn               (no ring)

@: flying, very slightly contaminated, invisible
A: sickness immunity, fire resistance 2, cold vulnerability 1, float, innate
caster, HP casting, extra vitality 1
a: Renounce Religion


You were on level 2 of the Dungeon.
You worshipped Qazlal.
Qazlal was aware of your devotion.
You visited 1 branch of the dungeon, and saw 2 of its levels.

You collected 71 gold pieces.

Inventory:

Hand Weapons
 a - a +0 club (weapon)
Missiles
 f - 6 javelins
Armour
 c - a +0 robe (worn)
Wands
 d - a wand of polymorph (6)
Scrolls
 g - a scroll of teleportation
Potions
 h - a potion of flight
 i - a potion of heal wounds
 j - 2 potions of ambrosia {unknown}


   Skills:
 - Level 2.0 Fighting
 - Level 2.0 Dodging
 + Level 3.1 Spellcasting
 - Level 5.0 Evocations


You couldn't memorise any spells.
You knew the following spells:

 Your Spells              Type           Power      Damage    Failure   Level
a - Sandblast             Erth           24%        2d8       4%          1
b - Stone Arrow           Conj/Erth      24%        3d8       16%         3
c - Petrify               Tmut/Erth      12%        N/A       45%         4
d - Conjure Flame         Conj/Fire      12%        6-21      16%         3
e - Shock                 Conj/Air       48%        1d6       4%          1
f - Freeze                Ice            48%        1d7       4%          1

Your spell library contained the following spells:

 Spells                   Type           Power      Damage    Failure   Level


Dungeon Overview and Level Annotations

Branches:
Dungeon (2/15)

Altars:
Qazlal

Annotations:
D:2 Crazy Yiuf


Innate Abilities, Weirdness & Mutations

You are immune to sickness and miasma.
You are immune to poison.
Your flesh is very heat resistant. (rF++)
You are vulnerable to cold. (rC-)
You float through the air rather than walking.
You learn spells naturally, not from books.
Your magical power is your life essence.
You have superior vitality. (+4 MHP)


Message History

(D) Dungeon
Where to? (Enter - D:2, ? - help) (Q) Qazlal Go to which altar? (? - help)
Okay, then.
You start waiting.
Done waiting.
You start waiting.
Done waiting.
Crazy Yiuf shouts!
You reach down and open the door.
Okay, then.
Casting: Stone Arrow (quite dangerous; 16% risk of failure)
Confirm with . or Enter, or press ? or * to list all spells.
Okay, then.
Casting: Stone Arrow (quite dangerous; 16% risk of failure)
Confirm with . or Enter, or press ? or * to list all spells.
Aiming: Freeze (safe; 4% risk of failure)
Press: ? - help, Shift-Dir - straight line, f - Crazy Yiuf
Aim: Crazy Yiuf, wielding a +4 quarterstaff of chaos and wearing a +0 cloak You freeze Crazy Yiuf.
Crazy Yiuf is lightly wounded.
Crazy Yiuf hits you with a +4 quarterstaff of chaos!
You fade into invisibility!
Casting: Freeze (safe; 4% risk of failure)
Confirm with . or Enter, or press ? or * to list all spells.
Aiming: Petrify (potentially lethal; 45% risk of failure)
Press: ? - help, Shift-Dir - straight line, f/p - Crazy Yiuf
Aim: Crazy Yiuf, wielding a +4 quarterstaff of chaos and wearing a +0 cloak (lightly wounded, can't see you, chance to affect: 54%)
You miscast Petrify.
You are very lightly contaminated with residual magic.
You feel very strange. Crazy Yiuf barely misses you.
Casting: Petrify (potentially lethal; 45% risk of failure)
Confirm with . or Enter, or press ? or * to list all spells.
Aiming: Petrify (potentially lethal; 45% risk of failure)
Press: ? - help, Shift-Dir - straight line, f/p - Crazy Yiuf
Aim: Crazy Yiuf, wielding a +4 quarterstaff of chaos and wearing a +0 cloak (lightly wounded, can't see you, chance to affect: 54%) Crazy Yiuf resists with significant effort.
Crazy Yiuf hits you with a +4 quarterstaff of chaos!
You die...

............##.#...#
#.#
8........#######..##
#.## #######.#####
#....# #..# #.....#
#....# ##.# #######
#...## #.# ##.## #.#
#.## #.# ########
##.# #.# #......#
#@## #.# #.######
##g# #.# #.# #'# #.#
#.# ... #.# #.#
#...# #.# #># #..)#
#.# #.# ##### #.#
#.# ####.# #.#
############# #....#


You could see Crazy Yiuf (can't see you).

Vanquished Creatures
  3 adders (D:2)
  2 worms (D:2)
  A dart slug (D:2)
  2 ball pythons
  2 endoplasms (D:2)
  A giant cockroach (D:2)
  3 goblins (D:2)
  2 hobgoblins (D:1)
  2 quokkas (D:2)
  2 bats
  4 frilled lizards
  3 kobolds (D:2)
  5 rats
32 creatures vanquished.

Notes
Turn   | Place    | Note
-------+----------+-------------------------------------------
     0 | D:1      | enile the Djinni Wanderer began the quest for the Orb.
     0 | D:1      | Reached XP level 1. HP: 15/15 MP: 0/0
   308 | D:1      | Reached skill level 1 in Fighting
   522 | D:1      | Reached XP level 2. HP: 19/22 MP: 0/0
   972 | D:2      | Reached XP level 3. HP: 25/28 MP: 0/0
   972 | D:2      | Learned a level 1 spell: Freeze
  1596 | D:2      | Reached XP level 4. HP: 26/33 MP: 0/0
  1931 | D:2      | Found a faded altar of an unknown god.
  1937 | D:2      | Prayed at the altar of an unknown god.
  1937 | D:2      | Became a worshipper of Qazlal Stormbringer
  1937 | D:2      | Reached * piety under Qazlal
  1975 | D:2      | Found a runed translucent door.
  1976 | D:2      | Noticed Crazy Yiuf
  2872 | D:2      | Slain by Crazy Yiuf

Illustrated notes

Levels and vault maps discovered:
D:1:      saegor_arrival_simple_e, layout_rooms
D:2:      layout_loops_ring, shapermc_ecumenical_altar_pompeii,
          uniq_crazy_yiuf_cottage

Skill      XL: |  1  2  3 |
---------------+----------+-----
Fighting       | 1 2 |  2.0
Dodging        | 2 |  2.0
Spellcasting   | 3 |  3.1
Evocations     | |  5.0

Action                   |  1- 3 |  4- 6 || total
-------------------------+-------+-------++-------
Melee: Club              |     3 |    14 ||    17
 Cast: Shock             |    20 |       ||    20
       Sandblast         |    18 |       ||    18
       Stone Arrow       |     8 |    10 ||    18
       Freeze            |       |     1 ||     1
       Petrify           |       |     1 ||     1
  Use: Scroll            |       |     3 ||     3
       Potion            |       |     1 ||     1
Armor: Robe              |     3 |     1 ||     4
       Skin              |       |    17 ||    17
Dodge: Dodged            |    12 |     5 ||    17
Block: Other             |       |     1 ||     1

Table legend: (Time is in decaauts)
 A = Elapsed time spent in this place.
 B = Non-inter-level travel time spent in this place.
 C = Inter-level travel time spent in this place.
 D = Time resting spent in this place.
 E = Time spent auto-exploring this place.
 F = Levels seen in this place.
 G = Mean time per level.
                   A        B        C        D        E       F      G
               +--------+--------+--------+--------+--------+-----+--------+
         Total |   2876 |   2842 |     34 |    390 |   2197 |   2 | 1438.0 |
       Dungeon |   2876 |   2842 |     34 |    390 |   2197 |   2 | 1438.0 |
               +--------+--------+--------+--------+--------+-----+--------+

Top non-repeatable levels by time:
     D:2: 2056 daAuts
     D:1: 820 daAuts
